 Dungeon Crawl Stone Soup version 0.31-a0-667-g39726597b9 (webtiles) character file.

Game seed: 3815557283944201291

2880293 RandomKimchi the Pyromancer (level 27, 185/185 HPs)
             Began as an Octopode Fire Elementalist on Sept 3, 2023.
             Was the Champion of Vehumet.
             Escaped with the Orb
             ... and 5 runes!
             The game lasted 02:30:59 (79284 turns).

RandomKimchi the Pyromancer (OpFE)                 Turns: 79284, Time: 02:30:59

Health: 185/185    AC: 14    Str: 19    XL:     27
Magic:  57/57      EV: 19    Int: 33    God:    Vehumet [******]
Gold:   5680       SH:  0    Dex: 14    Spells: 17/69 levels left

rFire   + + +        G - +3 Elemental Staff {ele, rElec rF+ rC+ AC+3}
rCold   + + .        a - orb {*channel}
rNeg    + . .        C - -2 hat of the Alchemist {rElec rPois rF+ rC+ rN+ Will+ rMut rCorr}
rPois   +            n - amulet of magic regeneration
rElec   +            c - ring of protection from fire
rCorr   +            z - ring of wizardry
SInv    +            B - +4 ring of protection
Will    ++++.        f - +4 ring of protection
Stlth   +++          S - ring of Intercession {rElec MP+9 Str+2 SInv}
HPRegen 0.50/turn    K - ring "Zihisopsa" {rPois AC+4 Str+4 Int+3}
MPRegen 0.75/turn    Z - ring of Tender Moments {rElec Str+6 Stlth+}
                     d - ring of willpower

%: resist mutation, wizardry (x1), channel magic (20%)
@: studying Air Magic
A: almost no armour, amphibious, 8 rings, camouflage 1, gelatinous body 1,
(nimble swimmer 1), tentacles, passive freeze, wild magic 1
0: Orb of Zot
}: 5/15 runes: serpentine, barnacled, slimy, silver, abyssal
a: Renounce Religion


You escaped.
You worshipped Vehumet.
Vehumet was exalted by your worship.
You visited 10 branches of the dungeon, and saw 52 of its levels.
You visited the Abyss 2 times.
You also visited: Bailey and Ice Cave.

You collected 9737 gold pieces.
You spent 4057 gold pieces at shops.

Inventory:

Hand Weapons
 G - the +3 Elemental Staff (weapon) {ele, rElec rF+ rC+ AC+3}
   (You found it on level 3 of the Depths)

   AC+3:      It affects your AC (+3).
   rF+:       It protects you from fire.
   rC+:       It protects you from cold.
   rElec:     It insulates you from electricity.
Missiles
 A - 9 throwing nets
 M - 10 curare-tipped darts
Armour
 a - an orb of energy (worn)
 C - the -2 hat of the Alchemist (worn) {rElec rPois rF+ rC+ rN+ Will+ rMut rCorr}
   (You found it on level 5 of the Vaults)

   rF+:       It protects you from fire.
   rC+:       It protects you from cold.
   rElec:     It insulates you from electricity.
   rPois:     It protects you from poison rN+: It protects you from negative
   energy.
   Will+:     It increases your willpower.
   rCorr:     It protects you from acid and corrosion.
   rMut:      It protects you from mutation.
 X - a +3 buckler of resistance
Jewellery
 c - a ring of protection from fire (left tentacle)
 d - a ring of willpower (on tentacle)
 f - a +4 ring of protection (on tentacle)
 g - a ring of protection from cold
 i - a +5 ring of evasion
 l - a ring of positive energy
 n - an amulet of magic regeneration (around mantle)
 z - a ring of wizardry (right tentacle)
 B - a +4 ring of protection (on tentacle)
 H - a ring of see invisible
 K - the ring "Zihisopsa" (on tentacle) {rPois AC+4 Str+4 Int+3}
   (You took it off an ironbound convoker on level 4 of the Vaults)

   [ring of protection]

   AC+4:      It affects your AC (+4).
   Str+4:     It affects your strength (+4).
   Int+3:     It affects your intelligence (+3).
   rPois:     It protects you from poison
 S - the ring of Intercession (on tentacle) {rElec MP+9 Str+2 SInv}
   (You acquired it on level 4 of the Depths)

   [ring of magical power]

   Str+2:     It affects your strength (+2).
   rElec:     It insulates you from electricity.
   MP+9:      It affects your magic capacity (+9).
   SInv:      It lets you see invisible.
 Z - the ring of Tender Moments (on tentacle) {rElec Str+6 Stlth+}
   (You found it on level 5 of the Vaults)

   [ring of strength]

   Str+6:     It affects your strength (+6).
   rElec:     It insulates you from electricity.
   Stlth+:    It makes you more stealthy.
Wands
 F - a wand of flame (61)
 N - a wand of charming (37)
 P - a wand of roots (75)
 R - a wand of quicksilver (16)
 T - a wand of mindburst (26)
 U - a wand of digging (19)
Scrolls
 b - 4 scrolls of fear
 p - 10 scrolls of vulnerability
 r - 4 scrolls of revelation
 t - 3 scrolls of blinking
 v - 10 scrolls of teleportation
 y - 4 scrolls of poison
 D - 5 scrolls of fog
 J - 6 scrolls of immolation
 L - 2 scrolls of torment
 Q - 2 scrolls of butterflies
Potions
 h - 12 potions of mutation
 j - 2 potions of invisibility
 k - 7 potions of enlightenment
 m - 15 potions of attraction
 o - 7 potions of curing
 q - 6 potions of cancellation
 s - 3 potions of brilliance
 u - 16 potions of might
 w - 2 potions of resistance
 x - 4 potions of heal wounds
 E - 2 potions of lignification
 I - 8 potions of haste
 W - 4 potions of magic
Miscellaneous
 e - a phial of floods
 O - a tin of tremorstones (2/2)
 V - a phantom mirror
 Y - a sack of spiders


   Skills:
 + Level 14.9 Fighting
 - Level 6.6 Staves
 - Level 12.4 Dodging
 - Level 15.0 Stealth
 - Level 0.1 Shields
 + Level 21.9 Spellcasting
 + Level 23.8 Conjurations
 - Level 3.0 Summonings
 - Level 4.0 Translocations
 - Level 4.0 Transmutations
 - Level 24.0 Fire Magic
 - Level 18.0 Air Magic
 * Level 6.8 Earth Magic
 - Level 5.0 Poison Magic
 + Level 9.1 Evocations


You had 17 spell levels left.
You knew the following spells:

 Your Spells              Type           Power      Damage    Failure   Level
a - Fire Storm            Conj/Fire      77%        8d19      2%          9
b - Ignition              Fire           77%        3d20      1%          8
c - Plasma Beam           Fire/Air       87%        2x1d105   1%          6
d - Spellforged Servitor  Conj/Summ      52%        N/A       1%          7
e - Passwall              Tmut/Erth      80%        N/A       1%          2
f - Foxfire               Conj/Fire      100%       2x1d9     1%          1
g - Blink                 Tloc           100%       N/A       1%          2
i - Lehudib's Crystal Sp  Conj/Erth      66%        10d15     4%          8
j - Chain Lightning       Conj/Air       74%        3d98      5%          9

Your spell library contained the following spells:

 Spells                   Type           Power      Damage    Failure   Level
 Polar Vortex             Ice            31%        12d4*     100%        9
 Freeze                   Ice            100%       1d10      1%          1
 Kiss of Death            Conj/Necr      100%       2d13      1%          1
 Magic Dart               Conj           100%       1d8       1%          1
 Sandblast                Erth           100%       2d20      1%          1
 Shock                    Conj/Air       100%       1d9       1%          1
 Cigotuvi's Dreadful Rot  Necr/Pois/Air  100%       N/A       1%          2
 Lesser Beckoning         Tloc           100%       N/A       1%          2
 Momentum Strike          Conj/Tloc      100%       3d10      1%          2
 Poisonous Vapours        Pois/Air       100%       N/A       1%          2
 Scorch                   Fire           100%       2d9       1%          2
 Searing Ray              Conj           100%       2d8       1%          2
 Static Discharge         Conj/Air       100%       2-7/arc   1%          2
 Dazzling Flash           Conj/Hex       100%       N/A       1%          3
 Frozen Ramparts          Ice            100%       1d16      1%          3
 Hailstorm                Conj/Ice       100%       3d20      1%          3
 Ignite Poison            Fire/Tmut/Pois 100%       N/A       1%          3
 Inner Flame              Hex/Fire       100%       N/A       1%          3
 Mephitic Cloud           Conj/Pois/Air  100%       N/A       1%          3
 Stone Arrow              Conj/Erth      100%       3d13      1%          3
 Swiftness                Air            100%       N/A       1%          3
 Volatile Blastmotes      Fire/Tloc      100%       2d18      1%          3
 Airstrike                Air            70%        2d(10-26) 1%          4
 Flame Wave               Conj/Fire      100%       2d21      1%          4
 Fulminant Prism          Conj/Hex       49%        3d21      1%          4
 Iskenderun's Mystic Bla  Conj/Tloc      100%       2d19      1%          4
 Olgreb's Toxic Radiance  Pois           74%        N/A       1%          4
 Sticky Flame             Conj/Fire      100%       2d11      1%          4
 Summon Lightning Spire   Summ/Air       100%       N/A       1%          4
 Vhi's Electric Charge    Tloc/Air       100%       N/A       1%          4
 Arcjolt                  Conj/Air       74%        1d84      1%          5
 Fireball                 Conj/Fire      77%        3d29      1%          5
 Freezing Cloud           Conj/Ice/Air   77%        6-21      1%          5
 Irradiate                Conj/Tmut      52%        3d29      1%          5
 Iskenderun's Battlesphe  Conj           100%       2d15      1%          5
 Lee's Rapid Deconstruct  Erth           51%        3d24*     1%          5
 Conjure Ball Lightning   Conj/Air       74%        3x3d27    1%          6
 Leda's Unmaking          Conj/Erth      66%        9d11      1%          6
 Starburst                Conj/Fire      77%        6d20      1%          6
 Orb of Destruction       Conj           64%        9d15      1%          7
 Call Canine Familiar     Summ           64%        N/A       2%          3
 Gell's Gravitas          Tloc           69%        N/A       2%          3
 Teleport Other           Tloc           69%        N/A       2%          3
 Silence                  Hex/Air        56%        N/A       2%          5
 Necrotise                Necr           100%       1d9       3%          1
 Portal Projectile        Hex/Tloc       100%       N/A       3%          3
 Petrify                  Tmut/Erth      96%        N/A       3%          4
 Ensorcelled Hibernation  Hex/Ice        100%       N/A       4%          2
 Leda's Liquefaction      Hex/Erth       43%        N/A       4%          4
 Manifold Assault         Tloc           69%        N/A       4%          4
 Passage of Golubria      Tloc           69%        N/A       4%          4
 Yara's Violent Unravell  Hex/Tmut       29%        3d12      4%          5
 Ozocubu's Armour         Ice            63%        N/A       6%          3
 Tukima's Dance           Hex            46%        N/A       6%          3
 Vampiric Draining        Necr           46%        2d9       6%          3
 Alistair's Intoxication  Tmut/Pois      47%        N/A       7%          5
 Eringya's Noxious Bog    Tmut/Pois      35%        4d6       7%          6
 Summon Ice Beast         Ice/Summ       74%        N/A       9%          4
 Borgnjor's Vile Clutch   Necr/Erth      43%        N/A       9%          5
 Summon Forest            Summ/Tloc      33%        N/A       9%          5
 Anguish                  Hex/Necr       23%        N/A       12%         4
 Cause Fear               Hex            23%        N/A       12%         4
 Dispel Undead            Necr           46%        3d18      12%         4
 Summon Mana Viper        Hex/Summ       56%        N/A       16%         5
 Agony                    Necr           46%        N/A       26%         5
 Metabolic Englaciation   Hex/Ice        31%        N/A       26%         5
 Dispersal                Tloc           34%        N/A       26%         6
 Summon Cactus Giant      Summ           32%        N/A       34%         6
 Death Channel            Necr           23%        N/A       67%         6
 Simulacrum               Ice/Necr       31%        N/A       67%         6
 Ozocubu's Refrigeration  Ice            31%        4d14      67%         7
 Malign Gateway           Summ/Tloc      33%        N/A       75%         7
 Haunt                    Necr/Summ      28%        N/A       92%         7
 Enfeeble                 Hex            23%        N/A       98%         7
 Disjunction              Tloc           34%        N/A       99%         8
 Shatter                  Erth           51%        3d39*     99%         9
 Borgnjor's Revivificati  Necr           23%        N/A       100%        8
 Discord                  Hex            23%        N/A       100%        8
 Summon Horrible Things   Summ           32%        N/A       100%        8
 Death's Door             Necr           23%        N/A       100%        9
 Dragon's Call            Summ           32%        N/A       100%        9
 Animate Armour           Summ/Erth      Unusable   N/A       N/A         4

Dungeon Overview and Level Annotations

Branches:
Dungeon (15/15)            Temple (0/1) D:7            Lair (5/5) D:8
 Shoals (4/4) Lair:2        Snake (4/4) Lair:2        Slime (5/5) Lair:5
    Orc (2/2) D:12            Elf (3/3) Orc:2        Vaults (5/5) D:13
  Crypt (0/3) Vaults:2     Depths (4/4) D:15            Zot (5/5) Depths:4
 Bailey (visited)           IceCv (visited)

Altars:
Ashenzari
Cheibriados
Nemelex Xobeh
Qazlal
Ru
Sif Muna
Uskayaw
Vehumet
Jiyva

Shops:
D:6 =?==   D:10 *:   D:14 *   Orc:1 !   Orc:2 [(   Elf:2 [   Elf:3 ([
Shoals:2 [   Snake:4 *[   Vaults:3 [   Depths:4 ?

Portals:
Hell: Depths:1 Depths:2 Depths:3 Depths:4
Abyss: Depths:1 Depths:2 Depths:3 Depths:4
Pandemonium: Depths:2 Depths:3
Ziggurat: Depths:2
Trove: Vaults:3 (give 6 scrolls of fear)

Annotations:
Orc:1 1 runed translucent door, Leitius's ghost, adept BaCK
Elf:2 3 runed translucent doors


Innate Abilities, Weirdness & Mutations

You cannot wear most types of armour.
You are amphibious.
You can wear up to eight rings at the same time.
Your skin changes colour to match your surroundings (Stealth+).
Your rubbery body absorbs attacks. (AC +1, EV +1)
((You are camouflaged when in or above water. (Stealth+)))
You have tentacles for arms and can constrict up to eight enemies at once.
A frigid envelope surrounds you and freezes all who hurt you.
Your spells are a little harder to cast, but a little more powerful.


Message History

Casting: Passwall (safe; 1% risk of failure)
Confirm with . or Enter, or press ? or * to list all spells.
Aiming: Passwall (safe; 1% risk of failure)
Press: ? - help, Dir - move target A rock wall.
This square is covered in magical glow.
You feel a surge of power!
You begin to meditate on the wall.
You continue meditating on the rock. x2
Magic restored.
You continue meditating on the rock. x3
You finish merging with the rock.
Casting: Passwall (safe; 1% risk of failure)
Confirm with . or Enter, or press ? or * to list all spells.
Aiming: Passwall (safe; 1% risk of failure)
Press: ? - help, Dir - move target A rock wall.
This square is covered in magical glow.
You feel a surge of power!
You begin to meditate on the wall.
You continue meditating on the rock. x4
You finish merging with the rock.
Aiming: Lehudib's Crystal Spear (dangerous; 4% risk of failure)
Press: ? - help, Q - select action, (/) - cycle Shift-Dir - straight line, f - reaper
Aim: a reaper, wielding a +5 scythe of flaming (84% to hit)
You feel a surge of power!
The crystal spear hits the reaper!!!!
You kill the reaper!
Vehumet accepts your kill.
Casting: Lehudib's Crystal Spear (dangerous; 4% risk of failure)
Confirm with . or Enter, or press ? or * to list all spells.
Aiming: Passwall (safe; 1% risk of failure)
Press: ? - help, Dir - move target A rock wall.
This square is covered in magical glow.
You feel a surge of power!
You begin to meditate on the wall.
You continue meditating on the rock. x5
The Orb Guardian hits you.
The Orb Guardian is very cold.
The Orb Guardian is lightly wounded.
You finish merging with the rock.
You take 1 damage, and have 184/185 hp.
There is a staircase leading out of the dungeon here.
You have escaped!

#..###.###...........#####.###.#
#..# #.# #.########......>.# #.#
#..# #.###.#### #..#####.###.#
#..# #.#......#####..# #.....#
#..# #.#.###.........# ###....
##..###.#.##..........# ###.#
........#.##..⌠.......#########..
##..#####......................##
#......#.#....>@.∩..#########...
##.###..............# ##...
#...........⌠......# #....
#####....#.........##### #...)
##.....#......#.....# #.X..
#...........#######.# ##...
#####.....####.# #.# ####
#........## #.# #.### #...
#.#####.## #.# #...# #...


There were no monsters in sight!

Vanquished Creatures
  the Royal Jelly (Slime:5)
  3 dread liches
  4 ancient liches
  Tiamat (Zot:1)
  3 orbs of fire (Zot:5)
  2 juggernauts (Depths:2)
  Boris (thrice) (Vaults:2 Depths:2 Depths:4)
  2 shard shrikes (Depths:3)
  2 curse toes
  2 Killer Klowns (Zot:5)
  3 caustic shrikes (Depths:3)
  8 golden dragons
  A golden dragon (shapeshifter) (Depths:2)
  6 electric golems
  A bone dragon (Abyss:2)
  13 tentacled monstrosities
  3 iron giants (Depths:3)
  A Hell Sentinel (D:6)
  An Ice Fiend (IceCv)
  2 hellephants (Depths:3)
  Asterion (Depths:1)
  A walking crystal tome (Depths:2)
  2 liches (Depths:1)
  27 Orb Guardians
  6 quicksilver dragons
  A deep elf blademaster (Elf:3)
  Rupert (Lair:3)
  2 krakens
  A deep elf master archer (Elf:3)
  10 titans
  9 sphinxes
  The ghost of Xarreyl the Stormcaller, an adept TeCA of Ignis (Elf:2)
  24 acid blobs
  A tentacled starspawn (Abyss:3)
  Gastronok (D:8)
  An Executioner (Abyss:2)
  6 death cobs
  9 tengu reavers
  Donald (Vaults:1)
  Aizul (Depths:1)
  21 storm dragons
  12 shadow dragons
  7 draconian monks
  6 azure jellies
  6 nagarajas (Snake:4)
  2 ghost moths (Zot:5)
  16 fire giants
  13 rockslimes
  9 deep elf elementalists (Elf:3)
  15 vault wardens
  7 deep elf sorcerers
  5 cacodemons
  5 draconian knights
  19 frost giants
  5 iron dragons
  Louise (Depths:2)
  4 draconian shifters
  A draconian stormcaller (Zot:3)
  A balrug (Depths:2)
  12 quicksilver oozes
  10 ironbound preservers
  3 orc warlords
  5 war gargoyles
  A draconian annihilator (Zot:3)
  3 spriggan defenders (Depths:2)
  5 formless jellyfish
  11 green draconians
  6 ironbound thunderhulks
  A reaper (D:1)
  27 very ugly things
  A broodmother (shapeshifter) (Vaults:5)
  4 vampire knights
  16 stone giants
  10 black draconians
  5 deep elf annihilators (Elf:3)
  7 dire elephants
  5 deep elf demonologists
  3 red draconians
  4 yellow draconians
  8 purple draconians
  6 white draconians
  11 spark wasps
  5 deep elf death magi
  11 merfolk impalers
  2 shambling mangroves (Abyss:3)
  Josephine (Snake:1)
  4 fire dragons
  2 merfolk javelineers (Shoals:4)
  2 entropy weavers
  9 ettins
  A great orb of eyes (shapeshifter) (Vaults:1)
  6 deep elf high priests
  28 vault guards
  12 great orbs of eyes
  Fannar (Lair:3)
  18 yaktaur captains
  5 rakshasas
  7 ice dragons
  3 spriggan skeletons (Depths:2)
  4 salamander tyrants
  6 hydras
  2 caustic shrike simulacra (IceCv)
  A merfolk avatar (Shoals:1)
  6 ironbound frosthearts
  2 ogre magi (Vaults:5)
  2 peacekeepers
  5 catoblepae
  7 merfolk aquamancers
  4 spriggan air magi
  A sphinx zombie (D:15)
  11 centaur warriors
  5 two-headed ogres
  2 satyrs
  6 anacondas
  11 naga warriors
  9 death yaks
  10 deep troll earth magi
  4 hell hogs (Depths:1)
  4 boulder beetles
  A sphinx skeleton (Vaults:2)
  5 tengu warriors
  6 deep troll shamans
  4 shock serpents
  2 vampire magi (Depths:2)
  11 dancing weapons
  10 naga sharpshooters
  7 spriggan berserkers
  3 thrashing horrors
  4 orc high priests
  8 deep elf knights
  7 hell knights
  2 soul eaters (Depths:1)
  Amaemon (D:8)
  A storm dragon zombie (D:15)
  2 sun demons (Depths:1)
  A titan skeleton (Depths:2)
  20 skeletal warriors
  A skyshark (shapeshifter) (Vaults:5)
  2 iron trolls
  A spriggan (Depths:2)
  A wretched star (Abyss:2)
  A goliath frog (shapeshifter) (Vaults:5)
  4 salamander mystics
  12 sea snakes
  A bunyip zombie (Abyss:2)
  2 sixfirhies (Zot:3)
  12 skysharks
  35 deep trolls
  A bog body (IceCv)
  7 naga ritualists
  A shadow dragon zombie (D:15)
  11 deep elf archers
  A golden dragon skeleton (Depths:2)
  7 glowing orange brains
  11 ironbound convokers
  14 wizards
  7 spriggan simulacra (IceCv)
  A flayed ghost (D:15)
  6 phantasmal warriors
  Pikel (D:4)
  An obsidian statue (IceCv)
  2 wolf spider zombies (D:15)
  18 lindwurms
  36 harpies
  19 deep elf zephyrmancers
  10 orc knights
  12 deep elf pyromancers
  An iron dragon zombie (Depths:2)
  6 necromancers
  3 mana vipers
  53 ugly things
  A mana viper (shapeshifter) (Depths:2)
  An oklob plant (Snake:1)
  4 fauns (Shoals:3)
  6 worldbinders
  4 cyclopes
  5 orc sorcerers
  14 manticores
  23 moths of wrath
  A cyclops (shapeshifter) (D:12)
  A naga zombie (Abyss:2)
  6 elephants
  16 salamanders
  A moth of wrath (shapeshifter) (Vaults:3)
  4 centaur zombies (D:15)
  6 merfolk sirens
  Maurice (Orc:1)
  A fire giant skeleton (Vaults:2)
  7 water nymphs
  An apocalypse crab (Abyss:2)
  26 black mambas
  Joseph (Lair:1)
  A frost giant skeleton (Vaults:2)
  19 vault sentinels
  Jeremiah (D:8)
  14 naga magi
  An eye of devastation (Slime:5)
  6 orange demons
  3 rime drakes
  3 guardian serpents
  13 cane toads
  2 unseen horrors (Depths:4)
  4 gargoyles
  8 smoke demons
  An efreet (D:13)
  A yaktaur (shapeshifter) (Elf:2)
  3 freezing wraiths
  3 kobold demonologists (D:12)
  15 yaktaurs
  9 komodo dragons
  An ancient zyme (Abyss:2)
  2 anaconda simulacra (IceCv)
  6 ice devils (IceCv)
  3 tengu conjurers
  A golden dragon simulacrum (IceCv)
  7 trolls
  8 polar bears
  4 hornets
  A hellwing (D:14)
  A troll (shapeshifter) (D:14)
  10 wind drakes
  2 alligator simulacra (IceCv)
  38 merfolk
  Grinder (D:4)
  2 wind drakes (shapeshifter)
  A raiju (Abyss:2)
  Prince Ribbit (D:6)
  A spriggan zombie (D:15)
  14 blink frogs
  11 dream sheep
  A frost giant simulacrum (Depths:2)
  107 slime creatures
  9 snapping turtles
  A vampire (D:13)
  2 slime creatures (shapeshifter)
  6 air elementals
  A deep troll skeleton (Vaults:2)
  An ettin skeleton (Vaults:2)
  A centaur simulacrum (D:14)
  2 dire elephant simulacra (IceCv)
  2 jumping spiders (shapeshifter)
  8 wraiths
  2 shadows
  21 water elementals
  Eustachio (D:4)
  4 wyverns
  A human (shapeshifter) (Vaults:1)
  2 fire elementals (Elf:2)
  A hog (shapeshifter) (Vaults:5)
  7 golden eyes
  7 humans (Bailey)
  A neqoxec (Abyss:3)
  4 chaos spawn
  A fire bat (Abyss:2)
  13 large abominations
  4 basilisks
  10 minotaur simulacra (IceCv)
  A steam dragon (shapeshifter) (Elf:2)
  34 yaks
  Grum (D:8)
  10 vampire mosquitoes
  A redback (Vaults:3)
  2 glowing shapeshifter zombies (Depths:2)
  3 wargs
  44 nagas
  A hydra simulacrum (IceCv)
  15 water moccasins
  A hell hound (Abyss:2)
  A floating eye (shapeshifter) (Vaults:5)
  4 floating eyes
  33 orc warriors
  A black bear (shapeshifter) (Depths:2)
  2 glowing shapeshifter skeletons
  7 ice beasts
  A sky beast (D:6)
  18 wolves
  2 ettin simulacra (IceCv)
  A tengu (shapeshifter) (Elf:2)
  2 black bears
  4 boggarts (Vaults:1)
  12 ogres
  A phantom (D:4)
  28 centaurs
  A centaur (shapeshifter) (Vaults:5)
  4 human skeletons (Vaults:2)
  8 kobold brigands
  23 bullfrogs
  5 gnoll sergeants (D:12)
  3 scorpions
  A scorpion (shapeshifter) (Elf:2)
  7 deep troll simulacra (IceCv)
  4 earth elementals
  5 wights (D:7)
  10 killer bees
  3 lindwurm simulacra (IceCv)
  7 howler monkeys
  A quasit (Abyss:2)
  A hound (shapeshifter) (Elf:2)
  2 jellies (Lair:5)
  16 orc priests
  6 hounds
  A boggart zombie (D:15)
  A gnoll bouda (D:7)
  2 iguanas (D:7)
  22 orc wizards
  5 small abominations
  Robin (D:3)
  2 gnolls (shapeshifter) (Elf:2)
  11 gnolls
  9 adders
  2 ufetubi
  2 worms
  A dart slug (D:1)
  98 orcs
  3 bats
  3 giant cockroaches
  17 goblins
  16 hobgoblins
  19 kobolds
  4 quokkas
  4 ball pythons
  A bat (shapeshifter) (Elf:2)
  4 frilled lizards
  4 rats
  A butterfly (Lair:2)
  5 fire vortices
  A foxfire (Lair:5)
  A tentacle (Shoals:2)
2251 creatures vanquished.

Vanquished Creatures (collateral kills)
  A dread lich (Zot:5)
  An ancient lich (Zot:5)
  A caustic shrike (Depths:3)
  2 golden dragons
  A bone dragon (Depths:4)
  2 shadow dragons (Vaults:5)
  2 storm dragons
  A frost giant (Depths:2)
  A vault warden (Vaults:5)
  A draconian stormcaller (Zot:4)
  A very ugly thing (Depths:1)
  A stone giant (Depths:4)
  A vampire knight (Depths:3)
  A red draconian (Zot:4)
  An ettin (Depths:2)
  An iron troll (Depths:4)
  An ironbound convoker (Vaults:3)
  A lindwurm (Vaults:3)
  A moth of wrath (Zot:4)
  21 foxfires
43 creatures vanquished.

Vanquished Creatures (others)
  A golden dragon (Vaults:5)
  A war gargoyle (Depths:3)
  A deep elf knight (Elf:3)
  An orc priest (D:6)
  254 fire vortices
  1322 foxfires
  A lurking horror (Abyss:3)
  2 starspawn tentacles (Abyss:3)
  5 tentacles (Shoals:2)
1588 creatures vanquished.

Grand Total: 3882 creatures vanquished

Notes
Turn   | Place    | Note
-------+----------+-------------------------------------------
     0 | D:1      | RandomKimchi the Octopode Fire Elementalist began the quest
                  | for the Orb.
     0 | D:1      | Reached XP level 1. HP: 11/11 MP: 3/3
   150 | D:1      | Reached XP level 2. HP: 17/17 MP: 1/5
   857 | D:1      | Found a faded altar of an unknown god.
   869 | D:1      | Prayed at the altar of an unknown god.
   869 | D:1      | Became a worshipper of Vehumet
   869 | D:1      | Reached * piety under Vehumet
   869 | D:1      | Offered knowledge of Kiss of Death by Vehumet.
   913 | D:1      | Learned a level 2 spell: Scorch
  1076 | D:1      | Reached XP level 3. HP: 21/22 MP: 4/6
  1672 | D:2      | Reached skill level 1 in Fighting
  1931 | D:3      | Reached XP level 4. HP: 12/28 MP: 1/7
  2179 | D:3      | Reached ** piety under Vehumet
  2181 | D:3      | Offered knowledge of Shock by Vehumet.
  2419 | D:3      | Reached XP level 5. HP: 33/33 MP: 6/9
  2482 | D:3      | Noticed Robin
  2496 | D:3      | Killed Robin
  2582 | D:3      | Reached skill level 4 in Fire Magic
  2697 | D:3      | Reached XP level 6. HP: 38/38 MP: 2/10
  3437 | D:4      | Learned a level 5 spell: Fireball
  3467 | D:4      | Noticed Eustachio
  4104 | D:4      | Offered knowledge of Poisonous Vapours by Vehumet.
  4142 | D:4      | Learned a level 2 spell: Poisonous Vapours
  4237 | D:4      | Reached XP level 7. HP: 43/43 MP: 7/12
  4303 | D:4      | Noticed Grinder
  4314 | D:4      | Killed Grinder
  4493 | D:4      | Reached skill level 5 in Poison Magic
  4505 | D:5      | Entered Level 5 of the Dungeon
  4545 | D:5      | Learned a level 2 spell: Blink
  4630 | D:5      | Reached XP level 8. HP: 42/48 MP: 9/13
  5032 | D:6      | Found Iloss's Jewellery Emporium.
  5032 | D:6      | Found Igaukorul's Magic Scroll Emporium.
  5032 | D:6      | Found Povisit's Jewellery Emporium.
  5069 | D:6      | Reached skill level 5 in Fire Magic
  5081 | D:6      | Reached skill level 5 in Stealth
  5081 | D:6      | Reached skill level 5 in Conjurations
  5102 | D:5      | Reached *** piety under Vehumet
  5206 | D:6      | Found Xyedirue's Jewellery Shop.
  5246 | D:6      | Found a sacrificial altar of Ru.
  5305 | D:6      | Gained mutation: You are frail. (-10% HP) [potion of
                  | mutation]
  5305 | D:6      | Lost mutation: You are frail. (-10% HP) [potion of
                  | mutation]
  5305 | D:6      | Gained mutation: A frigid envelope surrounds you and
                  | freezes all who hurt you. [potion of mutation]
  5400 | D:6      | Noticed Prince Ribbit
  5409 | D:6      | Killed Prince Ribbit
  5539 | D:6      | Bought a scroll of butterflies for 40 gold pieces
  5545 | D:6      | Reached skill level 5 in Spellcasting
  5545 | D:6      | Reached skill level 6 in Fire Magic
  5593 | D:6      | Reached XP level 9. HP: 54/54 MP: 10/16
  6647 | D:7      | Found a staircase to the Ecumenical Temple.
  7065 | D:7      | Found a sparkling altar of Nemelex Xobeh.
  7100 | D:7      | Offered knowledge of Olgreb's Toxic Radiance by Vehumet.
  7110 | D:7      | Learned a level 4 spell: Olgreb's Toxic Radiance
  7274 | D:7      | Reached skill level 7 in Fire Magic
  7696 | D:6      | Bought a +4 ring of protection for 396 gold pieces
  7854 | D:8      | Noticed Grum
  7862 | D:8      | Killed Grum
  8124 | D:8      | Reached XP level 10. HP: 60/60 MP: 13/20
  8127 | D:8      | Noticed an orange demon
  8133 | D:8      | Noticed Amaemon
  8139 | D:8      | Noticed a two-headed ogre
  8197 | D:8      | Reached skill level 8 in Fire Magic
  8302 | D:8      | Found a staircase to the Lair.
  8314 | D:8      | Killed Amaemon
  8314 | D:8      | Noticed Jeremiah
  8321 | D:8      | Killed an orange demon
  8328 | D:8      | Killed Jeremiah
  8432 | D:8      | Killed a two-headed ogre
  8433 | D:8      | Reached skill level 9 in Fire Magic
  8446 | D:8      | Noticed Gastronok
  8710 | D:4      | Noticed Pikel
  8714 | D:4      | Killed Pikel
  8714 | D:4      | Reached **** piety under Vehumet
  9035 | D:4      | Killed Eustachio
  9036 | D:4      | Reached XP level 11. HP: 64/64 MP: 14/23
  9221 | D:8      | Killed Gastronok
  9415 | D:9      | Offered knowledge of Freezing Cloud by Vehumet.
  9425 | D:9      | Learned a level 5 spell: Iskenderun's Battlesphere
  9505 | D:9      | Found a flagged portal.
  9519 | Bailey   | Entered a bailey
  9910 | Bailey   | Reached skill level 10 in Fire Magic
  9957 | Bailey   | Reached skill level 10 in Conjurations
  9969 | Bailey   | Learned a level 3 spell: Inner Flame
  9982 | Bailey   | Noticed a vault guard
  9996 | Bailey   | Reached ***** piety under Vehumet
  9997 | Bailey   | Killed a vault guard
  9997 | Bailey   | Offered knowledge of Yara's Violent Unravelling by Vehumet.
 10157 | Bailey   | Noticed a vault guard
 10165 | Bailey   | Killed a vault guard
 10673 | D:10     | Entered Level 10 of the Dungeon
 10802 | D:10     | Found Axkecetu's Book Shop.
 10866 | D:10     | Found Hineschei's Overcharged Wands.
 11666 | D:11     | Reached XP level 12. HP: 70/70 MP: 14/25
 11875 | D:11     | Reached skill level 10 in Spellcasting
 11875 | D:11     | Reached skill level 11 in Fire Magic
 12002 | D:11     | Learned a level 7 spell: Orb of Destruction
 12630 | D:12     | Noticed a boulder beetle
 12720 | D:12     | Killed a boulder beetle
 13089 | D:12     | Noticed a two-headed ogre
 13095 | D:12     | Noticed a boulder beetle
 13097 | D:12     | Killed a two-headed ogre
 13108 | D:12     | Killed a boulder beetle
 13513 | D:12     | Found a staircase to the Orcish Mines.
 13550 | Orc:1    | Entered Level 1 of the Orcish Mines
 13625 | Orc:1    | Found Colishex's Distillery.
 13637 | Orc:1    | Noticed an orc high priest
 13658 | Orc:1    | Killed an orc high priest
 13667 | Orc:1    | Offered knowledge of Sticky Flame by Vehumet.
 13729 | Orc:1    | Bought a potion of curing for 45 gold pieces
 13729 | Orc:1    | Bought a potion of haste for 150 gold pieces
 13734 | Orc:1    | Noticed Maurice
 13742 | Orc:1    | Killed Maurice
 13743 | Orc:1    | Reached XP level 13. HP: 68/75 MP: 18/27
 13859 | Orc:1    | Noticed Leitius's ghost (adept BaCK)
 13872 | Orc:1    | Reached skill level 12 in Fire Magic
 14135 | Orc:1    | Found a runed translucent door.
 14263 | Orc:2    | Entered Level 2 of the Orcish Mines
 14813 | Orc:2    | Found Zecwosott's Magic Scroll Emporium.
 14930 | Orc:2    | Found Meapaodd's Weapon Emporium.
 15051 | Orc:2    | Found a staircase to the Elven Halls.
 15457 | Orc:2    | Noticed an orc warlord
 15470 | Orc:2    | Killed an orc warlord
 15677 | Orc:2    | Found Hecrelaf's Antique Weapon Emporium.
 15680 | Orc:2    | Found Diuceomu's Antique Armour Shoppe.
 16101 | D:6      | Bought a ring of see invisible for 180 gold pieces
 16101 | D:6      | Bought a +4 ring of protection for 432 gold pieces
 16170 | Lair:1   | Entered Level 1 of the Lair of Beasts
 16750 | Lair:1   | Reached ****** piety under Vehumet
 16904 | Lair:1   | Noticed Joseph
 16910 | Lair:1   | Killed Joseph
 17419 | Lair:2   | Reached XP level 14. HP: 81/85 MP: 21/29
 17484 | Lair:2   | Offered knowledge of Spellforged Servitor by Vehumet.
 17494 | Lair:2   | Learned a level 7 spell: Spellforged Servitor
 17613 | Lair:2   | Reached skill level 13 in Fire Magic
 17916 | Lair:2   | Found a staircase to the Shoals.
 18230 | Lair:2   | Found a staircase to the Snake Pit.
 18919 | Lair:3   | Reached skill level 15 in Conjurations
 19206 | Lair:3   | Noticed Fannar
 19220 | Lair:3   | Killed Fannar
 19373 | Lair:3   | Noticed Rupert
 19378 | Lair:3   | Killed Rupert
 20500 | Lair:4   | Reached skill level 5 in Fighting
 21331 | Lair:5   | Entered Level 5 of the Lair of Beasts
 21853 | Lair:5   | Found a hide-covered altar of Uskayaw.
 21905 | Lair:5   | Found a staircase to the Slime Pits.
 22103 | Lair:5   | Reached XP level 15. HP: 94/94 MP: 26/32
 22691 | Lair:5   | Reached skill level 14 in Fire Magic
 23096 | Lair:5   | Found a viscous altar of Jiyva.
 23154 | Lair:5   | Offered knowledge of Irradiate by Vehumet.
 23457 | Lair:5   | Got Lom Lobon's Anthology of Energy
 23937 | Lair:5   | Got the Catalogue of the Cursed Salamander
 24628 | D:13     | Learned a level 6 spell: Plasma Beam
 24974 | D:13     | Reached skill level 1 in Air Magic
 25095 | D:13     | Found a gate to the Vaults.
 25335 | D:14     | Found Biykh's General Store.
 25346 | D:14     | Bought a sack of spiders for 400 gold pieces
 26203 | D:15     | Entered Level 15 of the Dungeon
 26744 | D:11     | Offered knowledge of Eringya's Noxious Bog by Vehumet.
 27043 | D:15     | Reached XP level 16. HP: 104/104 MP: 18/34
 28148 | D:15     | Reached skill level 5 in Air Magic
 29081 | D:15     | Reached skill level 15 in Fire Magic
 29169 | D:15     | Found a staircase to the Depths.
 29482 | Shoals:1 | Entered Level 1 of the Shoals
 29546 | Shoals:1 | Found a frozen archway.
 29559 | IceCv    | Entered an ice cave
 29824 | IceCv    | Offered knowledge of Leda's Unmaking by Vehumet.
 31278 | IceCv    | Noticed an Ice Fiend
 31281 | IceCv    | Killed an Ice Fiend
 31657 | Shoals:1 | Reached skill level 15 in Spellcasting
 31930 | Shoals:1 | Reached XP level 17. HP: 96/109 MP: 33/36
 32820 | Shoals:2 | Offered knowledge of Maxwell's Capacitive Coupling by
                  | Vehumet.
 33448 | Shoals:2 | Noticed a kraken
 33456 | Shoals:2 | Killed a kraken
 33607 | Shoals:2 | Found Ofiloa Nisint's Antique Armour Boutique.
 33875 | Shoals:3 | Reached skill level 1 in Evocations
 34900 | Shoals:3 | Offered knowledge of Shatter by Vehumet.
 34900 | Shoals:3 | Offered knowledge of Chain Lightning by Vehumet.
 34900 | Shoals:3 | Offered knowledge of Polar Vortex by Vehumet.
 35413 | Snake:1  | Entered Level 1 of the Snake Pit
 35515 | Snake:1  | Noticed Josephine
 35519 | Snake:1  | Killed Josephine
 35760 | Snake:1  | Reached skill level 10 in Air Magic
 36412 | Snake:1  | Reached XP level 18. HP: 98/116 MP: 23/37
 36562 | Snake:1  | Learned a level 8 spell: Ignition
 36663 | Shoals:4 | Entered Level 4 of the Shoals
 37533 | Shoals:4 | Reached skill level 16 in Fire Magic
 37555 | Shoals:4 | Reached skill level 10 in Stealth
 38278 | Shoals:4 | Got a barnacled rune of Zot
 38546 | Shoals:4 | Identified the +2 quick blade "Luasch" {protect, rF+ rN+
                  | Stlth+}
 39145 | Vaults:1 | Entered Level 1 of the Vaults
 39265 | Vaults:1 | Reached skill level 5 in Dodging
 39897 | Vaults:1 | Reached skill level 5 in Evocations
 40846 | Vaults:1 | Noticed Donald
 40850 | Vaults:1 | Killed Donald
 40965 | Vaults:2 | Reached XP level 19. HP: 120/120 MP: 14/39
 41235 | Vaults:2 | Noticed Boris
 41247 | Vaults:2 | Killed Boris
 43876 | Vaults:2 | Found a staircase to the Crypt.
 45227 | Vaults:3 | Found a portal to a secret trove of treasure.
 45377 | Vaults:3 | Reached skill level 17 in Fire Magic
 45866 | Vaults:3 | Reached XP level 20. HP: 83/126 MP: 7/40
 46068 | Vaults:3 | Found Xaiberche's Armour Boutique.
 46076 | Vaults:3 | Bought the +0 hat of Shielding {rPois Will+ Dex+6 Slay+6}
                  | for 761 gold pieces
 46610 | Snake:1  | Found a broken altar of Ashenzari.
 48014 | Snake:3  | Learned a level 9 spell: Fire Storm
 49104 | Snake:4  | Entered Level 4 of the Snake Pit
 49554 | Snake:4  | Found Mucrot's Assorted Antiques.
 49568 | Snake:4  | Bought a scroll of teleportation for 63 gold pieces
 49604 | Snake:4  | Found Usaer's Antique Armour Boutique.
 49714 | Snake:4  | Identified the +6 short sword of Sytzeer {freeze, +Blink
                  | rElec rPois Str-3}
 50693 | Snake:4  | Reached skill level 18 in Fire Magic
 51406 | Snake:4  | Got a serpentine rune of Zot
 51596 | Slime:1  | Entered Level 1 of the Pits of Slime
 52357 | Slime:4  | Reached XP level 21. HP: 127/132 MP: 42/42
 52602 | Slime:5  | Entered Level 5 of the Pits of Slime
 53433 | Slime:5  | Noticed the Royal Jelly
 53441 | Slime:5  | Killed the Royal Jelly
 54026 | Slime:5  | Got the Papyrus of the Volley
 54080 | Slime:5  | Learned a level 2 spell: Passwall
 54087 | Slime:5  | Learned a level 6 spell: Leda's Unmaking
 54090 | Slime:5  | Got a slimy rune of Zot
 54099 | Slime:5  | Identified the +2 scale mail "Petwy Vei" {Harm Str-3 Int+7
                  | Dex-3}
 54133 | Slime:5  | Identified the +1 robe of Inviolability {+Blink rN+ Dex-2}
 54147 | Slime:5  | Identified the +8 short sword of the Forest {elec, rElec
                  | Will+ Str-3}
 54166 | Slime:5  | Identified the +0 dagger of Crawling {heavy, Dex+2}
 55214 | Vaults:4 | Reached skill level 1 in Transmutations
 55256 | Vaults:4 | Reached skill level 1 in Translocations
 55519 | Vaults:4 | Identified the ring "Zihisopsa" {rPois AC+4 Str+4 Int+3}
 55791 | Vaults:4 | Noticed a golden dragon
 55806 | Vaults:4 | Killed a golden dragon
 55807 | Vaults:4 | Reached skill level 19 in Fire Magic
 55894 | Vaults:4 | Identified the +6 dagger of Voracious Subterfuge {pain,
                  | Fragile Will++ SInv Stlth+}
 56529 | Vaults:4 | Identified the ring "Xufenn" {Ice rN+ Int+3}
 56534 | Vaults:4 | Reached XP level 22. HP: 137/137 MP: 44/44
 56788 | Vaults:5 | Entered Level 5 of the Vaults
 56851 | Vaults:5 | Reached skill level 20 in Fire Magic
 56879 | Vaults:5 | Noticed an ancient lich
 56883 | Vaults:5 | Killed an ancient lich
 57285 | Vaults:5 | Identified the +7 lajatang of Destruction {chaos, rF+++
                  | Str+5 Int-2 Dex-2}
 57285 | Vaults:5 | Identified the +7 orcbow "Japusergh" {drain, Int+3}
 57305 | Vaults:5 | Noticed a golden dragon
 57312 | Vaults:5 | Killed a golden dragon
 57316 | Vaults:5 | Identified the +4 falchion "Kimuuxzidgh" {freeze, rC- rN+
                  | Str+5 Dex+2}
 57991 | Vaults:5 | Found the -2 hat of the Alchemist {rElec rPois rF+ rC+ rN+
                  | Will+ rMut rCorr}
 58405 | Vaults:5 | Got a silver rune of Zot
 58407 | Vaults:5 | Got the Volume of the Destined Throng
 58426 | Vaults:5 | Identified the +7 quarterstaff "Otawud" {freeze, rF+}
 58431 | Vaults:5 | Noticed a golden dragon
 58440 | Vaults:5 | Killed a golden dragon
 58590 | Vaults:5 | Reached XP level 23. HP: 134/143 MP: 29/46
 58644 | Vaults:5 | Identified a scroll of acquirement
 58705 | Vaults:5 | Noticed a golden dragon
 58710 | Vaults:5 | Killed a golden dragon
 58865 | Vaults:5 | Identified the ring "Pueg" {Ice rElec}
 58897 | Vaults:5 | Identified the +0 robe "Soussai" {rPois Dex+4}
 59070 | Vaults:5 | Identified the ring of Tender Moments {rElec Str+6 Stlth+}
 59304 | Elf:1    | Entered Level 1 of the Elven Halls
 59640 | Elf:1    | Reached skill level 21 in Fire Magic
 59879 | Elf:1    | Identified the +2 ring mail of Pucw {rN+ rCorr Str+3
                  | Slay+3}
 60691 | D:6      | Bought an amulet of magic regeneration for 330 gold pieces
 61023 | Elf:2    | Found Gioralob's Antique Armour Emporium.
 61104 | Elf:2    | Found a runed translucent gate.
 61106 | Elf:2    | Found a runed translucent gate.
 61107 | Elf:2    | Found a runed translucent gate.
 61238 | Elf:2    | Found a runed translucent gate.
 61238 | Elf:2    | Found a runed translucent gate.
 61239 | Elf:2    | Identified the +2 robe of Wogyzut {Str+2 Int+2 Dex+3}
 61247 | Elf:2    | Found a runed translucent gate.
 61252 | Elf:2    | Noticed Xarreyl's ghost (adept TeCA)
 61267 | Elf:2    | Killed Xarreyl's ghost
 61407 | Elf:2    | Acquired 1094 gold pieces
 61410 | Elf:2    | Gained mutation: Your spells are a little harder to cast,
                  | but a little more powerful. [mutagenic glow]
 61826 | Elf:2    | Found a runed translucent gate.
 61826 | Elf:2    | Found a runed translucent gate.
 61826 | Elf:2    | Found a runed translucent gate.
 62097 | Elf:3    | Entered Level 3 of the Elven Halls
 62261 | Elf:3    | Found Ishixih's Armour Shoppe.
 62904 | Elf:3    | Identified the ring of Loucw {Fly Str+3 Int-3 Dex+9}
 62945 | Elf:3    | Identified the +5 plate armour "Muuxei" {Fly Dex+2}
 62953 | Elf:3    | Reached skill level 10 in Fighting
 62965 | Elf:3    | Paralysed by an air elemental for 1 turns
 62965 | Elf:3    | Identified the ring "Fivuaharuq" {Ice rElec Slay+6}
 63604 | Elf:3    | Found Vihorr's Weapon Shop.
 63974 | Elf:3    | Found the +27 heavy crossbow "Sniper" {heavy, Acc+∞ SInv}
 64028 | Elf:3    | Identified the +1 war axe "Becwoq" {heavy, Str+4}
 64307 | Depths:1 | Entered Level 1 of the Depths
 64409 | Depths:1 | Reached skill level 22 in Fire Magic
 64476 | Depths:1 | Reached XP level 24. HP: 156/156 MP: 31/46
 64909 | Depths:1 | Found a one-way gate to the infinite horrors of the Abyss.
 64933 | Depths:1 | Found a snail-covered altar of Cheibriados.
 64972 | Depths:1 | Noticed Asterion
 64975 | Depths:1 | Killed Asterion
 64979 | Depths:1 | Noticed Aizul
 64981 | Depths:1 | Killed Aizul
 65128 | Depths:1 | Found a gateway to Hell.
 65181 | Depths:1 | Found a stormy altar of Qazlal.
 65668 | Depths:2 | Noticed a juggernaut
 65673 | Depths:2 | Killed a juggernaut
 65877 | Depths:2 | Noticed Boris
 65882 | Depths:2 | Killed Boris
 66148 | Depths:2 | Found a one-way gate leading to the halls of Pandemonium.
 66390 | Depths:2 | Paralysed by a floating eye for 2 turns
 66398 | Depths:2 | Reached skill level 23 in Fire Magic
 66411 | Depths:2 | Identified the +1 morningstar "Ifeishruhio" {antimagic,
                  | +Blink Dex+2}
 66483 | Depths:2 | Found a one-way gateway to a ziggurat.
 66485 | Depths:2 | Noticed a dread lich
 66492 | Depths:2 | Killed a dread lich
 66503 | Depths:2 | Noticed a juggernaut
 66506 | Depths:2 | Killed a juggernaut
 66943 | Depths:2 | Reached XP level 25. HP: 165/165 MP: 47/47
 66979 | Depths:2 | Acquired Sif Muna's Guidebook on Ruinous Heat
 67263 | Depths:2 | Noticed Louise
 67266 | Depths:2 | Killed Louise
 67302 | Depths:2 | Voluntarily entered the Abyss.
 67324 | Abyss:2  | Found a corrupted altar of Lugonu.
 67412 | Abyss:2  | Found a corrupted altar of Lugonu.
 67414 | Abyss:2  | Found a corrupted altar of Lugonu.
 67427 | Abyss:2  | Found a corrupted altar of Lugonu.
 67616 | Depths:2 | Escaped the Abyss
 67760 | Depths:2 | Voluntarily entered the Abyss.
 67760 | Abyss:2  | Found a corrupted altar of Lugonu.
 67809 | Abyss:2  | Found a corrupted altar of Lugonu.
 67843 | Abyss:2  | Noticed a dread lich
 67851 | Abyss:2  | Reached skill level 1 in Staves
 67852 | Abyss:2  | Killed a dread lich
 67948 | Abyss:3  | Got an abyssal rune of Zot
 67964 | Depths:2 | Escaped the Abyss
 68993 | Depths:3 | Reached skill level 24 in Fire Magic
 69543 | Depths:3 | Found a sparkling altar of Nemelex Xobeh.
 69591 | Depths:3 | Found a runed translucent door.
 70346 | Depths:3 | Found the +3 Elemental Staff {ele, rElec rF+ rC+ AC+3}
 70385 | Depths:3 | Identified the ring of the Trout {EV+5 Int+3}
 70491 | Depths:3 | Noticed a shard shrike
 70493 | Depths:3 | Killed a shard shrike
 70493 | Depths:3 | Killed a shard shrike
 70634 | Depths:3 | Found a runed translucent door.
 70645 | Depths:3 | Reached XP level 26. HP: 144/177 MP: 41/47
 70736 | Depths:3 | Reached skill level 5 in Staves
 70793 | Depths:3 | Got the Grimoire of the Blizzard
 70796 | Depths:3 | Got Homos's Spellbook of Heat
 70933 | Depths:4 | Entered Level 4 of the Depths
 70967 | Depths:4 | Learned a level 9 spell: Chain Lightning
 71104 | Depths:4 | Found Aryessur's Magic Scroll Shoppe.
 71110 | Depths:4 | Bought a scroll of acquirement for 1092 gold pieces
 71110 | Depths:4 | Acquired the ring of Intercession {rElec MP+9 Str+2 SInv}
 71149 | Depths:4 | Found a gate to the Realm of Zot.
 71168 | Depths:4 | Reached skill level 10 in Dodging
 71553 | Depths:4 | Noticed Boris
 71667 | Depths:4 | Killed Boris
 71991 | Depths:4 | Found a shimmering blue altar of Sif Muna.
 72186 | Zot:1    | Entered Level 1 of the Realm of Zot
 72942 | Zot:1    | Found the +4 dragonskin cloak
 72942 | Zot:1    | Noticed Tiamat
 72949 | Zot:1    | Killed Tiamat
 73981 | Depths:4 | Bought a scroll of amnesia for 84 gold pieces
 73981 | Depths:4 | Bought a scroll of amnesia for 84 gold pieces
 73992 | Depths:4 | Learned a level 8 spell: Lehudib's Crystal Spear
 74058 | Zot:2    | Identified the staff "Dragonbane" {rElec rPois rN+ Necro}
 74452 | Zot:2    | Reached skill level 1 in Earth Magic
 76235 | Zot:4    | Reached skill level 15 in Air Magic
 76328 | Zot:4    | Reached XP level 27. HP: 166/185 MP: 21/48
 77075 | Zot:5    | Entered Level 5 of the Realm of Zot
 77497 | Zot:5    | Reached skill level 1 in Summonings
 77733 | Zot:5    | Noticed an ancient lich
 77735 | Zot:5    | Killed an ancient lich
 77735 | Zot:5    | Noticed an orb of fire
 77739 | Zot:5    | Noticed an ancient lich
 77740 | Zot:5    | Killed an ancient lich
 77741 | Zot:5    | Reached skill level 15 in Stealth
 77743 | Zot:5    | Noticed an orb of fire
 77744 | Zot:5    | Killed an orb of fire
 77749 | Zot:5    | Killed an orb of fire
 77750 | Zot:5    | Killed an ancient lich
 77988 | Zot:5    | Noticed an orb of fire
 77995 | Zot:5    | Killed an orb of fire
 77996 | Zot:5    | Reached skill level 5 in Earth Magic
 78307 | Zot:5    | Noticed an ancient lich
 78309 | Zot:5    | Killed an ancient lich
 78335 | Zot:5    | Noticed a dread lich
 78339 | Zot:5    | Killed a dread lich
 78357 | Zot:5    | Noticed a dread lich
 78360 | Zot:5    | Killed a dread lich
 78603 | Zot:5    | Got the Orb of Zot
 78948 | D:13     | Noticed Pykoim the pandemonium lord
 79105 | D:7      | Noticed Ducibbed the pandemonium lord
 79284 | D:$      | Escaped with the Orb!

Illustrated notes

Levels and vault maps discovered:
D:1:      wander_arrival_desolate, layout_loops_ring,
          hellmonk_ecumenical_altar_heavens_door,
          hangedman_decor_clover_reticule, minmay_crystal_room
D:2:      layout_rooms
D:3:      layout_loops_corners, corexii_item_surrounded_by_moat, uniq_robin
D:4:      layout_basic, uniq_eustachio, uniq_pikel, uniq_grinder
D:5:      layout_rooms, chequers_serial_rivers_micro_b,
          nicolae_underground_beach
D:6:      layout_basic, amcnicky_altar_gilded, serial_shops, kennysheep_mini,
          nicolae_shop_distant_corner_stores, uniq_prince_ribbit1
D:7:      layout_loops_cross, general_overflow_altar,
          minmay_temple_entry_overgrown, minivault_24
D:8:      layout_basic, hellmonk_lair_entry_icy, uniq_jeremiah, uniq_amaemon,
          uniq_grum, uniq_gastronok
D:9:      layout_cross, enter_bailey_7
D:10:     layout_long_grid, serial_shops, nicolae_take_the_stairs,
          nicolae_shop_overcharged_wands
D:11:     layout_roguey
D:12:     layout_rooms, kennysheep_orc_monster_closet_entryway
D:13:     layout_roguey, david_vaults_1
D:14:     layout_stronghold, serial_shops, shop, chequers_serial_rivers_micro_c
D:15:     gammafunk_depths_entry_grave, layout_cave_pools, serial_undead,
          serial_undead_c, serial_undead_f, serial_undead_a, serial_undead_d,
          chequers_serial_rivers_room_a
Lair:1:   layout_misc_corridors, cheibrodos_lair_lostbears, uniq_joseph
Lair:2:   layout_regular_city, minmay_shoals_entry_centaurs,
          minmay_snake_entry_guardpost_medium, lemuel_fruit_fields,
          infiniplex_staircase_pool
Lair:3:   layout_concentric_octagons, serial_bayou_shore_b, grunt_megastairs_2,
          lemuel_fruit_tree, uniq_rupert, uniq_fannar
Lair:4:   layout_roguey, minmay_shattered_shrine, infiniplex_staircase_pool_2,
          serial_bayou_shore_a
Lair:5:   grunt_lair_end_beastmaster, layout_loops_ring,
          minmay_slime_entry_pillars, basic_altar, minmay_lindwurm_lava
Shoals:1: layout_shoals, portal_ice_cave_entry_pillars_three
Shoals:2: layout_shoals, serial_shops, nicolae_shop_just_a_little_nook
Shoals:3: layout_shoals
Shoals:4: shoals_end_grunt_ice, layout_shoals,
          nicolae_shoals_kraken_intersection
Snake:1:  layout_misc_corridors, lemuel_oklob_altar, serial_bayou_shore_b,
          serial_bayou_shore_b, uniq_josephine
Snake:2:  layout_misc_corridors
Snake:3:  layout_onion, nicolae_triple_integral, serial_bayou_shore_b,
          grunt_megastairs_5
Snake:4:  snake_pit, layout_rooms, serial_shops, nicolae_shop_waterfront,
          nicolae_shop_scrapyard
Slime:1:  layout_caves
Slime:2:  layout_caves
Slime:3:  layout_caves, nicolae_slime_crime_time
Slime:4:  layout_caves
Slime:5:  slime_pit_nicolae_royal_road_to_ruin
Orc:1:    layout_diamond_mine, serial_shops, nicolae_shop_waterfront,
          hellmonk_ghost_happy_afterlife, uniq_maurice
Orc:2:    grunt_orc_community_town_hall, layout_diamond_mine,
          grunt_orc_community_big_house_2, grunt_orc_community_big_house_1,
          grunt_orc_community_house_2, grunt_orc_community_house_2,
          grunt_orc_community_house_3, grunt_orc_community_house_2
Elf:1:    nicolae_elf_arrival_aired_out, layout_onion_city, evilmike_minifort,
          palyth_stone_intersect
Elf:2:    elven_hall_of_blades_hangedman_original [nooodl_blade_entry_preview],
          layout_onion_city, ploomutoo_gammafunk_ghost_potion_laboratory,
          serial_shops, shop
Elf:3:    minmay_elf_hall_x, layout_rooms, serial_shops, shop_statue,
          hex_medium, small_chamber_with_monster, minmay_shop_star
Vaults:1: vaults_dpeg_emergency_exit, nicolae_vaults_ellipses_ellipsis,
          nicolae_vaults_shipping_containers_4, hangedman_vaults_river_flow,
          nicolae_vaults_rhombus_7, hangedman_vaults_nodes,
          vaults_mumra_minichess_inversion, nicolae_vaults_apartment_2,
          vaults_room_ringed_pool, v_misc_27, vaults_mumra_minichess,
          hangedman_vaults_stretched_pinwheel, layout_vaults_omnibox,
          uniq_donald
Vaults:2: v_misc_13, minmay_crypt_entry_skeletal_spiral,
          nicolae_vaults_octothorpe, ontoclasm_vaults_ligature,
          nicolae_vaults_closet_pinwheel_2, v_misc_29,
          nicolae_vaults_twisting_passages, nicolae_vaults_frosty_reception,
          vaults_room_stairs_pillars, hangedman_vaults_slice,
          nicolae_vaults_security_offices_2, v_misc_1,
          nicolae_vaults_oval_intersection, nicolae_vaults_double_plus_1,
          nicolae_vaults_double_plus_2, layout_vaults_omnicross, uniq_boris
Vaults:3: nicolae_vaults_tetromino_T_1, st_more_cells,
          nicolae_vaults_wine_cellar, nicolae_vaults_triangles,
          vaults_dpeg_ring, v_alt_pattern_6, nicolae_vaults_tetromino_L_2,
          ontoclasm_vaults_gateway, nicolae_vaults_closet_pinwheel_1,
          nicolae_vaults_stepped_doors, nicolae_vaults_asterisk,
          nicolae_vaults_tangram_1, layout_vaults_ring,
          nicolae_trove_entry_crystal, serial_shops, shop_coins
Vaults:4: nicolae_vaults_storing_the_good_stuff, v_misc_18, serial_ice_m,
          nicolae_vaults_offset_grid_hallway_3, nicolae_vaults_apartment_2,
          grunt_vaults_swirl, nicolae_vaults_surprise_closet,
          nicolae_vaults_closet_pinwheel_2, nicolae_vaults_six-pack,
          nicolae_vaults_more_shelving_1, serial_ice_b, layout_vaults_omnigrid
Vaults:5: serial_shops
Depths:1: layout_cave_shapes, hellmouth_3, cheibriados_altar_1,
          abyss_entry_glasseish, minivault_22, grunt_qazlal_clouds,
          uniq_asterion, uniq_aizul
Depths:2: minmay_octagon_city, layout_gridlike, enter_ziggurat_d,
          rand_demon_pan_entry_7, nicolae_abyss_entry_one_way_or_another,
          lightli_too_deep, reono_crystal_passage, infiniplex_staircase_trident
Depths:3: mu_elemental_laboratory, layout_cave_pools, abyss_entry_crystal,
          nemelex_xobeh_ov_fountains_minmay, grunt_hell_entry_dis_grunt,
          grunt_pan_entry_zigzag
Depths:4: grunt_zot_entry_tricorne, layout_gridville,
          nicolae_sif_muna_condensation, minmay_room_of_horrors, serial_shops,
          shop, pf_coc_iceberg
Zot:1:    layout_gridlike, grunt_megastairs_3, uniq_josephina, uniq_tiamat
Zot:2:    layout_gridlike, st_single_dragon_hoard_4
Zot:3:    layout_gridlike, bh_zot_lava_cross
Zot:4:    layout_basic, skrybe_zot_glass_3
Zot:5:    layout_misc_corridors

Skill      XL: |  1  2  3  4  5  6  7  8  9 10 11 12 13 14 15 16 17 18 19 20 21 22 23 24 25 26 27 |
---------------+----------------------------------------------------------------------------------+-----
Stealth        | 3 5 6 9 10 12 14 15 | 15.0
Fighting       | 1 2 4 5 7 8 10 12 13 14 | 14.9
Conjurations   | 2 3 4 6 7 9 10 12 14 15 16 17 18 19 20 21 22 23 | 23.8
Fire Magic     | 4 6 7 9 10 11 12 13 14 15 16 17 18 19 20 22 23 24 | 24.0
Spellcasting   | 3 5 6 8 9 10 11 13 14 15 16 17 18 19 20 21 | 21.9
Poison Magic   | 2 5 |  5.0
Air Magic      | 3 7 10 11 13 15 18 | 18.0
Evocations     | 3 5 7 9 |  9.1
Dodging        | 3 5 7 8 9 11 12 | 12.4
Transmutations | 2 4 |  4.0
Translocations | 2 4 |  4.0
Staves         | 4 6 |  6.6
Earth Magic    | 2 6 |  6.8
Summonings     | 3 |  3.0
Shields        | |  0.1

Action                     |  1- 3 |  4- 6 |  7- 9 | 10-12 | 13-15 | 16-18 | 19-21 | 22-24 | 25-27 || total
---------------------------+-------+-------+-------+-------+-------+-------+-------+-------+-------++-------
  Melee: Spear             |    17 |    21 |    15 |     7 |       |       |       |       |       ||    60
         Constrict         |     2 |     8 |     5 |     4 |     6 |     4 |     6 |     1 |     4 ||    40
         Tentacles         |     1 |     5 |     3 |     6 |     4 |     6 |    14 |     5 |    15 ||    59
         Unarmed           |     1 |       |       |       |       |       |       |       |       ||     1
         Punch             |       |       |     1 |       |       |       |       |       |     1 ||     2
         Trident           |       |       |       |    22 |    23 |       |       |       |       ||    45
         Staff             |       |       |       |       |     5 |    20 |    42 |    12 |    37 ||   116
  Throw: Javelin           |     1 |     1 |       |       |     1 |       |       |       |       ||     3
         Dart              |       |       |       |     7 |       |       |       |     2 |       ||     9
         Throwing net      |       |       |       |       |     2 |       |       |       |       ||     2
   Cast: Foxfire           |    51 |    79 |   145 |   110 |   292 |    89 |    24 |     8 |       ||   798
         Scorch            |     6 |    14 |    40 |    57 |   165 |    40 |     4 |       |       ||   326
         Poisonous Vapours |       |       |     8 |     3 |     1 |       |       |       |       ||    12
         Olgreb's Toxic Ra |       |       |     4 |    42 |    77 |     8 |       |       |       ||   131
         Fireball          |       |       |     1 |    82 |   140 |   258 |     5 |       |       ||   486
         Blink             |       |       |       |     8 |    17 |     5 |     4 |     1 |     2 ||    37
         Inner Flame       |       |       |       |     6 |    25 |       |       |       |       ||    31
         Iskenderun's Batt |       |       |       |     2 |     7 |       |       |       |       ||     9
         Orb of Destructio |       |       |       |       |    78 |    17 |    46 |       |       ||   141
         Plasma Beam       |       |       |       |       |       |   208 |   485 |   207 |   171 ||  1071
         Ignition          |       |       |       |       |       |    35 |    65 |    24 |    22 ||   146
         Leda's Unmaking   |       |       |       |       |       |       |    10 |   107 |   109 ||   226
         Fire Storm        |       |       |       |       |       |       |       |   118 |   149 ||   267
         Passwall          |       |       |       |       |       |       |       |     1 |    33 ||    34
         Lehudib's Crystal |       |       |       |       |       |       |       |       |    36 ||    36
         Spellforged Servi |       |       |       |       |       |       |       |       |     3 ||     3
  Evoke: Wand              |       |     2 |     2 |       |       |       |     1 |     3 |     5 ||    13
         Phantom mirror    |       |       |       |       |       |     1 |     2 |     1 |       ||     4
         Sack of spiders   |       |       |       |       |       |     1 |     2 |     1 |       ||     4
         Phial of floods   |       |       |       |       |       |       |     1 |       |       ||     1
    Use: Scroll            |       |    10 |     6 |    11 |     6 |    11 |     5 |     6 |    11 ||    66
         Potion            |       |       |     4 |     8 |     7 |     3 |     6 |    10 |    11 ||    49
   Stab: Sleeping          |       |       |     1 |       |       |       |       |     1 |     1 ||     3
         Invisible         |       |       |       |     1 |       |       |       |       |       ||     1
         Distracted        |       |       |       |       |       |       |     1 |       |       ||     1
 Armour: Skin              |    19 |    15 |    27 |    52 |   151 |   231 |   107 |   125 |   217 ||   944
  Dodge: Dodged            |    17 |    25 |    28 |    87 |   217 |   326 |   234 |   118 |   133 ||  1185
  Block: Buckler           |     3 |     5 |    10 |     2 |       |       |       |       |       ||    20

Table legend: (Time is in decaauts)
 A = Elapsed time spent in this place.
 B = Non-inter-level travel time spent in this place.
 C = Inter-level travel time spent in this place.
 D = Time resting spent in this place.
 E = Time spent auto-exploring this place.
 F = Levels seen in this place.
 G = Mean time per level.
                   A        B        C        D        E       F      G
               +--------+--------+--------+--------+--------+-----+--------+
         Total |  79307 |  73458 |   5849 |  27520 |  31370 |  58 | 1367.4 |
       Dungeon |  19953 |  17369 |   2584 |   5920 |   7525 |  15 | 1330.2 |
          Lair |   8717 |   8162 |    555 |   3129 |   3518 |   5 | 1743.4 |
        Shoals |   6095 |   5873 |    222 |   1628 |   3160 |   4 | 1523.8 |
     Snake Pit |   5928 |   5684 |    244 |   2539 |   2122 |   4 | 1482.0 |
    Slime Pits |   2632 |   2589 |     43 |   1622 |    357 |   5 |  526.4 |
  Orcish Mines |   2739 |   2266 |    473 |    380 |   1228 |   2 | 1369.5 |
   Elven Halls |   4331 |   4019 |    312 |   1462 |   1868 |   3 | 1443.7 |
        Vaults |  11665 |  11147 |    518 |   4324 |   4904 |   5 | 2333.0 |
        Depths |   7225 |   6849 |    376 |   2792 |   2768 |   4 | 1806.2 |
           Zot |   6573 |   6055 |    518 |   1578 |   3495 |   5 | 1314.6 |
         Abyss |    520 |    520 |      0 |    148 |      0 |   4 |  130.0 |
        Bailey |    869 |    869 |      0 |    625 |     30 |   1 |  869.0 |
      Ice Cave |   2054 |   2054 |      0 |   1370 |    395 |   1 | 2054.0 |
               +--------+--------+--------+--------+--------+-----+--------+

Top non-repeatable levels by time:
Vaults:2: 3050 daAuts
Depths:2: 2789 daAuts
  Lair:5: 2565 daAuts
Vaults:4: 2392 daAuts
Vaults:3: 2370 daAuts
 Snake:3: 2329 daAuts
Shoals:3: 2286 daAuts
    D:14: 2248 daAuts
    D:11: 2105 daAuts
  Lair:2: 2102 daAuts
Depths:3: 2058 daAuts
   IceCv: 2054 daAuts
Vaults:1: 1939 daAuts
Vaults:5: 1911 daAuts
   Orc:2: 1865 daAuts
